 Dungeon Crawl Stone Soup version 0.26.1-11-gd32895ea62 (webtiles) character file.

Game seed: 3088468238408012721

268 ABBCCCDDDD the Grave Robber (level 6, -1/48 HPs)
             Began as a Human Necromancer on July 25, 2021.
             Was a Follower of Wu Jian.
             Killed from afar by an orc wizard (6 damage)
             ... with a magic dart
             ... on level 4 of the Dungeon.
             The game lasted 00:10:07 (4878 turns).

ABBCCCDDDD the Grave Robber (Human Necromancer)     Turns: 4878, Time: 00:10:09

Health: -1/48      AC:  5    Str: 10    XL:     6   Next: 45%
Magic:  1/9        EV: 10    Int: 16    God:    Wu Jian [*.....]
Gold:   220        SH:  0    Dex: 13    Spells: 7/9 levels left

rFire    . . .     SeeInvis .   m - +0 short sword
rCold    . . .     Faith    .   (no shield)
rNeg     . . .     Spirit   .   t - +0 ring mail
rPois    .         Reflect  .   (no helmet)
rElec    .         Harm     .   (no cloak)
rCorr    .         Rampage  .   (no gloves)
Will     .....                  (no boots)
Stlth    ++........             (no amulet)
HPRegen  0.16/turn              (no ring)
MPRegen  0.11/turn              (no ring)

@: no status effects
A: no striking features
a: Renounce Religion


You were on level 4 of the Dungeon.
You worshipped Wu Jian.
Wu Jian was aware of your devotion.
You visited 1 branch of the dungeon, and saw 4 of its levels.

You collected 220 gold pieces.

Inventory:

Hand Weapons
 g - a +0 dagger
 m - a +0 short sword (weapon)
 q - a +0 mace of venom
Missiles
 j - 31 poisoned darts (quivered)
 n - 60 stones
 o - 4 javelins
Armour
 a - a +0 robe
 r - a +0 leather armour
 t - a +0 ring mail (worn)
Jewellery
 l - an uncursed ring of protection from fire {unknown}
Wands
 s - a wand of paralysis (9)
Scrolls
 b - 2 scrolls of enchant weapon {unknown}
 c - a scroll of enchant armour {unknown}
 d - 2 scrolls of teleportation {unknown}
 e - 5 scrolls of identify {unknown}
 f - a scroll of noise {unknown}
 h - 3 scrolls of remove curse {unknown}
 k - a scroll of fog {unknown}
 p - a scroll of blinking {unknown}
Potions
 i - a potion of heal wounds {unknown}


   Skills:
 - Level 4.0 Fighting
 - Level 2.0 Dodging
 - Level 3.5 Stealth
 - Level 2.0 Spellcasting
 + Level 5.1 Necromancy
 + Level 0.5 Evocations


You had 7 spell levels left.
You knew the following spells:

 Your Spells              Type           Power        Failure   Level
a - Pain                  Necr           72%          7%          1
b - Animate Skeleton      Necr           36%          7%          1

Your spell library contained the following spells:

 Spells                   Type           Power        Failure   Level
 Vampiric Draining        Necr           9%           21%         3
 Animate Dead             Necr           9%           54%         4
 Agony                    Necr           18%          88%         5


Dungeon Overview and Level Annotations

Branches:
Dungeon (4/15)
 Temple: D:4-7

Altars:
Dithmenos
Elyvilon
Gozag
Makhleb
Sif Muna
Wu Jian


Message History

Casting: Pain (safe; 7% risk of failure)
Confirm with . or Enter, or press ? or * to list all spells.
Aiming: Pain (safe; 7% risk of failure)
Press: ? - help, Shift-Dir - straight line, f/p - orc wizard
Aim: an orc wizard, wielding a +0 dagger and wearing a +0 robe (almost dead, fast, chance to affect: 78%)
The orc wizard barely resists.
The orc wizard casts a spell at you.
The magic dart hits you but does no damage.
The orc wizard barely misses you. The orc barely misses you.
The orc hits you with a +0 falchion.
* * * LOW HITPOINT WARNING * * *
Casting: Pain (safe; 7% risk of failure)
Confirm with . or Enter, or press ? or * to list all spells.
Aiming: Pain (safe; 7% risk of failure)
Press: ? - help, Shift-Dir - straight line, f/p - orc wizard
Aim: an orc wizard, wielding a +0 dagger and wearing a +0 robe (almost dead, fast, chance to affect: 78%)
The orc wizard barely resists.
The orc wizard points at you and mumbles some strange words.
The magic dart hits you.
You die...

##..##..##........
#.......#.........
#......##...###..
########......##...###..
#......+...........#....
#......#...........#....
#.....##..##..##...##..#
#####'##o†##..##...##..#
#.....o@...#............
#.....o....#............
#..........#............
#..........#............
#..........#............
########################


You could see an orc wizard (fast) and 2 orcs.

Vanquished Creatures
  A hound (D:4)
  An orc priest (D:4)
  Jessica (D:2)
  Terence (D:2)
  A hound skeleton (D:4)
  5 adders
  An ooze (D:2)
  2 worms (D:2)
  2 dart slugs
  2 leopard geckos
  5 orcs
  5 bats
  2 giant cockroaches
  13 goblins
  8 hobgoblins
  2 jackals (D:3)
  12 kobolds
  3 quokkas
  2 ball pythons (D:1)
  5 frilled lizards
  7 rats
81 creatures vanquished.

Notes
Turn   | Place    | Note
-------+----------+-------------------------------------------
     0 | D:1      | ABBCCCDDDD the Human Necromancer began the quest for the
                  | Orb.
     0 | D:1      | Reached XP level 1. HP: 13/13 MP: 3/3
   442 | D:1      | Reached XP level 2. HP: 19/20 MP: 3/5
   450 | D:1      | Reached skill level 1 in Fighting
  1352 | D:2      | Reached XP level 3. HP: 26/26 MP: 6/6
  1464 | D:2      | Noticed Jessica
  1484 | D:2      | Noticed Terence
  1906 | D:2      | Killed Jessica
  1907 | D:2      | Reached XP level 4. HP: 21/34 MP: 1/7
  2091 | D:2      | Learned a level 1 spell: Animate Skeleton
  2889 | D:2      | Found an ornate altar of the Wu Jian Council.
  2895 | D:2      | Became a worshipper of the Wu Jian Council
  3013 | D:2      | Killed Terence
  3014 | D:2      | Reached XP level 5. HP: 37/41 MP: 8/8
  3601 | D:3      | Found a white marble altar of Elyvilon.
  3872 | D:3      | Reached * piety under Wu Jian
  4027 | D:3      | Found an opulent altar of Gozag.
  4163 | D:3      | Reached XP level 6. HP: 45/47 MP: 4/9
  4224 | D:3      | Found a shimmering blue altar of Sif Muna.
  4224 | D:3      | Found a shadowy altar of Dithmenos.
  4224 | D:3      | Found a burning altar of Makhleb.
  4429 | D:4      | Reached skill level 5 in Necromancy
  4878 | D:4      | Killed from afar by an orc wizard

Illustrated notes

Levels and vault maps discovered:
D:1:      wander_arrival_chamber, layout_loops_ring
D:2:      layout_basic, nicolae_overflow_crystal_walls, uniq_jessica,
          uniq_terence
D:3:      cheibrodos_greedy_goblins, layout_basic,
          gammafunk_temple_overflow_claw, general_overflow_altar,
          elyvilon_altar_4, st_stairs_1, serial_bayou_crossing
D:4:      layout_gridville, serial_shops, kennysheep_little_box,
          kennysheep_generic_room_15, uniq_duvessa

Skill      XL: |  1  2  3  4  5  6 |
---------------+-------------------+-----
Fighting       | 1 2 3 4 |  4.0
Stealth        | 3 |  3.5
Necromancy     | 5 |  5.1
Dodging        | |  2.0
Spellcasting   | |  2.0
Evocations     | |  0.5

Action                   |  1- 3 |  4- 6 || total
-------------------------+-------+-------++-------
Melee: Dagger            |     6 |     6 ||    12
       Short sword       |       |    61 ||    61
Throw: Dart              |     3 |    35 ||    38
       Javelin           |       |     3 ||     3
 Cast: Pain              |    45 |    85 ||   130
       Animate Skeleton  |       |     2 ||     2
Invok: Lunge             |       |     4 ||     4
  Use: Potion            |     3 |       ||     3
 Stab: Sleeping          |     4 |     8 ||    12
Armor: Robe              |     2 |     7 ||     9
       Ring mail         |       |    13 ||    13
       Leather armour    |       |     8 ||     8
Dodge: Dodged            |    15 |    52 ||    67
